 Dungeon Crawl Stone Soup version 0.13.0-3-g966e3ec (webtiles) character file.

417 Malachi the Shield-Bearer (level 6, 39/39 HPs)
             Began as a Gargoyle Fighter on Oct 12, 2013.
             Got out of the dungeon alive.
             The game lasted 00:05:31 (2234 turns).

Malachi the Shield-Bearer (Gargoyle Fighter)        Turns: 2234, Time: 00:05:31

HP  39/39        AC 12     Str 22      XL: 6   Next: 48%
MP   5/5         EV  7     Int  8      God:
Gold 92          SH 19     Dex  9      Spells:  0 memorised,  5 levels left

Res.Fire  : . . .   See Invis. : .   a - +0 mace
Res.Cold  : . . .   Warding    : .   b - +0 scale mail
Life Prot.: + . .   Conserve   : .   c - +0 shield
Res.Poison: +       Res.Corr.  : .   (no helmet)
Res.Elec. : +       Clarity    : .   (no cloak)
Sust.Abil.: . .     Spirit.Shd : .   f - +0 pair of gauntlets (curse)
Res.Mut.  : .       Stasis     : .   (no boots)
Res.Rott. : +       Flight     : .   (no amulet)
Saprovore : . . .                    (no ring)
                                     (no ring)

@: slightly resistant to hostile enchantments, extremely unstealthy
A: fangs 1, talons 2, life protection 1, electricity resistance, slow metabolism
1, unbreathing, petrification resistance, AC +4
a: no special abilities


You escaped.
You were hungry.

You visited 1 branch of the dungeon, and saw 4 of its levels.

You collected 72 gold pieces.

Inventory:

Hand weapons
 a - a +0,+0 mace (weapon)
 s - a +0,+1 bow of frost
Missiles
 t - 50 arrows
Armour
 b - a +0 scale mail (worn)
 c - a +0 shield (worn)
 f - a cursed +0 pair of gauntlets (worn)
Magical devices
 l - a wand of slowing (0)
Comestibles
 d - 5 bread rations
 h - a pear
 k - a meat ration
Scrolls
 e - a scroll of enchant weapon I {unknown}
 g - a scroll of enchant weapon II {unknown}
 i - 5 scrolls of remove curse {unknown}
 m - 2 scrolls of noise {unknown}
 q - a scroll of fog {unknown}
 r - 4 scrolls of identify {unknown}
 u - a scroll of fear {unknown}
 y - a scroll of recharging {unknown}
Jewellery
 v - an uncursed amulet of inaccuracy {unknown}
Potions
 j - a potion of mutation {unknown}
 n - a potion of restore abilities {unknown}
 o - a potion of agility {unknown}
 p - 2 potions of curing {unknown}
 w - a potion of flight {unknown}
 B - a potion of magic {unknown}
 C - a potion of heal wounds {unknown}


   Skills:
 + Level 4.1 Fighting
 * Level 4.0 Maces & Flails
 + Level 4.6 Armour
 + Level 1.9 Dodging
 + Level 4.7 Shields


You had 5 spell levels left.
You didn't know any spells.

Dungeon Overview and Level Annotations

Branches:
Dungeon (4/27)
 Temple: D:4-7

Altars:


Innate Abilities, Weirdness & Mutations

You are resistant to torment.
You are immune to poison.
Your stone body is very resilient (AC +4).
You have very sharp teeth.
You have razor-sharp toenails.
You resist negative energy.
You are resistant to electric shocks.
You have a slow metabolism.
You can survive without breathing.
You are immune to petrification.


Message History

There is a stone staircase leading up here.
You climb upwards.
There is a stone staircase leading down here.
All of the chunks of flesh in your inventory have completely rotted away.
You see here an orcish dagger.
You see here 2 darts.
A bat comes into view.
You can't go up here!
You sock the bat!
You kill the bat!
Your Maces & Flails skill increases to level 4!
No target in view!
No target in view!
You are feeling hungry.
There is an open door here.
There is a staircase leading out of the dungeon here.
Are you sure you want to leave the Dungeon?
This will make you lose the game! [Y]es or [N]o only, please.
Are you sure you want to leave the Dungeon?
This will make you lose the game!
You have escaped!

#................#######%########
#.###.##########..# #.# # #.# #.#
##.# ##.## # #.# #.#
#############...####### #.# #.#
##≈§§§#.#≈≈≈≈##......... #.# #.#
#§§§≈§#.#§§≈≈≈#..####### #.# #.#
#§≈#§§#.#§§#§§#.## #[ #># #.#
#§§§§§#.#§§§§§#.# #. #.# #.#
#§§§§§#@#§≈§≈§#.# #. #.# #.#
#≈§§§§#.#§§§§≈#.#######. #.# #.#
#≈§§§§#.#≈§≈§≈#......... #.# #.#
#≈§#≈§#.#§§#§§#......... #.# #.#
#≈≈≈§§#.#§§§§§#####.###. #.# #.#
##≈≈≈≈#'#≈§§≈######.###. #.###.##
######.######.......... #...[..#
#......##########. .......#
######.# ##


There were no monsters in sight!

Vanquished Creatures
  A centaur (D:3)
  The ghost of MDvedh the Ruinous, a weakling DrCj (D:3)
  A worker ant (D:4)
  Ijyb (D:2)
  Terence (D:3)
  7 adders
  9 orcs (D:3)
  9 bats
  5 giant cockroaches
  6 hobgoblins
  10 kobolds
  A quokka (D:2)
  4 giant geckos
  5 giant newts
  A giant newt skeleton (D:4)
  10 goblins
  5 rats
77 creatures vanquished.

Notes
Turn   | Place    | Note
--------------------------------------------------------------
     0 | D:1      | Malachi, the Gargoyle Fighter, began the quest for the Orb.
     0 | D:1      | Reached XP level 1. HP: 14/14 MP: 0/0
    87 | D:1      | Reached XP level 2. HP: 19/19 MP: 1/1
   400 | D:1      | Reached XP level 3. HP: 21/24 MP: 2/2
   762 | D:2      | Noticed Ijyb
   802 | D:2      | Killed Ijyb
   802 | D:2      | Reached skill level 4 in Armour
   813 | D:2      | Reached XP level 4. HP: 28/28 MP: 3/3
  1271 | D:3      | Noticed a centaur
  1277 | D:3      | Noticed MDvedh's ghost (weakling DrCj)
  1279 | D:3      | Killed a centaur
  1279 | D:3      | Reached skill level 1 in Dodging
  1279 | D:3      | Reached XP level 5. HP: 31/33 MP: 4/4
  1294 | D:3      | Killed MDvedh's ghost
  1575 | D:3      | Reached XP level 6. HP: 37/39 MP: 5/5
  1737 | D:3      | Noticed Terence
  1754 | D:3      | Killed Terence
  2092 | D:4      | Upgraded the game from 0.13.0 to 0.13.0-3-g966e3ec
  2234 | D:$      | Got out of the dungeon alive.

Action                   |  1- 3 |  4- 6 || total
-------------------------+-------+-------++-------
Melee: Mace              |   100 |   163 ||   263
 Fire: Bow               |       |     8 ||     8
